 Dungeon Crawl Stone Soup version 0.29.1-1-gd02db6906a (console) character file.

Game seed: 17284594416355756615

125 om the Magician (level 5, 0/38 HPs)
             Began as a Djinni Fire Elementalist on Oct 18, 2022.
             Slain by an orc wizard
             ... wielding a +0 dagger
              (1 damage)
             ... on level 3 of the Dungeon.
             The game lasted 00:08:45 (3804 turns).

om the Magician (Djinni Fire Elementalist)          Turns: 3804, Time: 00:08:45

Health: 0/38       AC:  2    Str:  7 (10) XL:     5   Next: 30%
Gold:   167        EV: 12    Int: 16 (19) God:
                   SH:  4    Dex: 13 (16)

rFire   + + +      SeeInvis .   e - +0 short sword
rCold   x . .      Faith    .   b - +1 buckler of Paimm {Str+3 Int+3}
rNeg    . . .      Spirit   .   a - +0 robe
rPois   ∞          Reflect  .   (no helmet)
rElec   .          Harm     .   (no cloak)
rCorr   .          Rampage  .   (no gloves)
Will    .....                   (boots unavailable)
Stlth   ++........              (no amulet)
HPRegen 0.12/turn               j - ring of protection from fire
MPRegen 0.00/turn               (no ring)

@: flying, very slightly contaminated
A: sickness immunity, fire resistance 2, cold vulnerability 1, float, innate
caster, HP casting, extra vitality 1
a: no special abilities


You were on level 3 of the Dungeon.
You visited 1 branch of the dungeon, and saw 3 of its levels.

You collected 167 gold pieces.

Inventory:

Hand Weapons
 e - a +0 short sword (weapon)
Armour
 a - a +0 robe (worn)
 b - the +1 buckler of Paimm (worn) {Str+3 Int+3}
   (You acquired it on level 3 of the Dungeon)

   Str:       It affects your strength (+3).
   Int:       It affects your intelligence (+3).
Jewellery
 j - a ring of protection from fire (left hand)
Scrolls
 d - a scroll of vulnerability
 g - a scroll of fear {unknown}
 h - a scroll of summoning {unknown}
 m - a scroll of teleportation {unknown}
 n - a scroll of torment {unknown}
Potions
 k - a potion of flight {unknown}
 l - a potion of resistance {unknown}


   Skills:
 + Level 1.7 Fighting
 - Level 3.0 Dodging
 + Level 2.4 Stealth
 * Level 0.6 Shields
 * Level 3.3 Spellcasting


You couldn't memorise any spells.
You knew the following spells:

 Your Spells              Type           Power      Damage    Failure   Level
a - Foxfire               Conj/Fire      52%        2x1d6     6%          1
b - Scorch                Fire           26%        2d6       10%         2
c - Conjure Flame         Conj/Fire      13%        6-21      19%         3
d - Inner Flame           Hex/Fire       13%        N/A       19%         3
e - Flame Wave            Conj/Fire      13%        2d6       52%         4
f - Summon Small Mammal   Summ           52%        N/A       6%          1
g - Call Imp              Summ           13%        N/A       10%         2
Your spell library was empty.

Dungeon Overview and Level Annotations

Branches:
Dungeon (3/15)

Altars:
Uskayaw

Annotations:
D:3 1 runed translucent door, LustLizard's ghost, amateur DsGl


Innate Abilities, Weirdness & Mutations

You are immune to sickness and miasma.
You are immune to poison.
Your flesh is very heat resistant. (rF++)
You are vulnerable to cold. (rC-)
You float through the air rather than walking.
You learn spells naturally, not from books.
Your magical power is your life essence.
You have superior vitality. (+4 MHP)


Message History

You feel better.
Casting: Foxfire (safe; 4% risk of failure)
Confirm with . or Enter, or press ? or * to list all spells.
You miscast Call Imp.
You are very lightly contaminated with residual magic.
Nothing appears to happen.
The orc misses you.
Casting: Call Imp (safe; 8% risk of failure)
Confirm with . or Enter, or press ? or * to list all spells.
You miscast Call Imp.
Nothing appears to happen.
* * * LOW HITPOINT WARNING * * *
The orc completely misses you.
The orc wizard mumbles some strange words.
The orc wizard flickers and vanishes!
Deactivating autopickup; reactivate with Ctrl-A.
The orc closely misses you.
A puff of flame appears from out of thin air!
The puff of flame misses you.
An orc comes into view. It is wielding a +0 club.
Casting: Call Imp (safe; 8% risk of failure)
Confirm with . or Enter, or press ? or * to list all spells.
A beastly little devil appears in a puff of flame.
The orc shouts!
* * * LOW HITPOINT WARNING * * *
The orc hits you with a +0 dagger.
* * * LOW HITPOINT WARNING * * *
Something completely misses you. The orc closely misses you.
Your crimson imp closely misses the orc.
Something hits you.
* * * LOW HITPOINT WARNING * * *
The orc attacks as you move away! You block the orc's attack.
Something hits you.
* * * LOW HITPOINT WARNING * * *
The orc hits you with a +0 club.
* * * LOW HITPOINT WARNING * * *
Your crimson imp closely misses the orc.
It was a potion of degeneration.
There was something very wrong with that liquid.
You feel weakened.
You feel dopey.
You feel clumsy. Something hits you.
You die...

......†...#
#.....##......##....
##......###
#.....#######.......
#.###### #.....'.#
####.... #.#
#####.....#.########....
#.#
#..!.†.†.##...........##
#..
#.##.########.........#
#.. ##(.†.## #.........#
#.. ##..†o.$##
#.........# #.
#.....@..# #.........##
#$..†)o..# #######..##.
#....5...# ##.##.
#........# #..#.
##......## ##...
##!...## ###> ###### ##


You could see 2 orcs and a friendly crimson imp (summoned).

Vanquished Creatures
  A gnoll (D:1)
  3 adders
  A worm (D:2)
  3 dart slugs
  2 orcs (D:3)
  8 endoplasms
  11 giant cockroaches (D:3)
  4 hobgoblins
  6 jackals (D:1)
  5 kobolds
  4 quokkas
  6 ball pythons
  5 bats
  3 frilled lizards
  2 goblins (D:3)
  4 rats
68 creatures vanquished.

Vanquished Creatures (collateral kills)
  An orc (D:3)
  A hobgoblin (D:3)
2 creatures vanquished.

Vanquished Creatures (others)
  168 foxfires
168 creatures vanquished.

Grand Total: 238 creatures vanquished

Notes
Turn   | Place    | Note
-------+----------+-------------------------------------------
     0 | D:1      | om the Djinni Fire Elementalist began the quest for the
                  | Orb.
     0 | D:1      | om set off with the following spells memorised: Foxfire,
                  | Scorch, Conjure Flame, Inner Flame, Flame Wave.
     0 | D:1      | Reached XP level 1. HP: 15/15 MP: 0/0
   177 | D:1      | Reached XP level 2. HP: 20/21 MP: 0/0
   558 | D:1      | Reached XP level 3. HP: 11/26 MP: 0/0
   558 | D:1      | Learned a level 1 spell: Summon Small Mammal
   753 | D:1      | Found a faded altar of an unknown god.
  1426 | D:2      | Reached skill level 1 in Fighting
  1725 | D:2      | Reached XP level 4. HP: 30/32 MP: 0/0
  3243 | D:3      | Reached XP level 5. HP: 31/37 MP: 0/0
  3243 | D:3      | Learned a level 2 spell: Call Imp
  3316 | D:3      | Found a hide-covered altar of Uskayaw.
  3406 | D:3      | Identified a scroll of acquirement
  3406 | D:3      | Acquired the +1 buckler of Paimm {Str+3 Int+3}
  3425 | D:3      | Noticed LustLizard's ghost (amateur DsGl)
  3431 | D:3      | Found a runed translucent door.
  3803 | D:3      | HP: 1/38 [orc/+0 club (1)]
  3804 | D:3      | Slain by an orc wizard

Illustrated notes

Levels and vault maps discovered:
D:1:      ncdulo_smallfort, layout_rooms,
          shapermc_ecumenical_altar_mp_ritualfount, minmay_pentomino_o4
D:2:      layout_loops_cross
D:3:      minmay_roachtagon, layout_basic, mainiacjoe_overflow_chevrons,
          hellmonk_ghost_happy_afterlife

Skill      XL: |  1  2  3  4 |
---------------+-------------+-----
Stealth        | 2 |  2.4
Dodging        | 3 |  3.0
Fighting       | 1 |  1.7
Spellcasting   | 3 |  3.3
Shields        | |  0.6

Action                   |  1- 3 |  4- 6 || total
-------------------------+-------+-------++-------
Melee: Short sword       |    12 |    43 ||    55
       Unarmed           |     4 |       ||     4
 Cast: Foxfire           |    51 |    43 ||    94
       Scorch            |       |     9 ||     9
       Summon Small Mamm |       |     2 ||     2
       Call Imp          |       |     1 ||     1
  Use: Scroll            |     1 |     4 ||     5
       Potion            |       |     3 ||     3
 Stab: Sleeping          |       |     2 ||     2
Armor: Robe              |     5 |    13 ||    18
Dodge: Dodged            |    24 |    55 ||    79
Block: Buckler           |       |    13 ||    13
